 Dungeon Crawl Stone Soup version 0.14.0-18-g0341e45 (webtiles) character file.

94985 Infinimo the Shatterer (level 15, -1/141 HPs)
             Began as a Minotaur Berserker on Apr 20, 2014.
             Was the Champion of Trog.
             Blown up by an orb spider (32 damage)
             ... with an orb of destruction
             ... on Level 1 of the Spider Nest.
             The game lasted 00:54:50 (32091 turns).

Infinimo the Shatterer (Minotaur Berserker)        Turns: 32091, Time: 00:54:51

HP  -1/141       AC 28     Str 24      XL: 15   Next: 57%
MP   6/6         EV  8     Int  8      God: Trog [******]
Gold 2765        SH  0     Dex 11      Spells:  0 memorised, 14 levels left

rFire  + . .     SeeInvis .     l - +3,+8 great mace (holy)
rCold  . . .     Clarity  .     y - +2 plate armour {rPois}
rNeg   . . .     Conserve +     (no shield)
rPois  +         rCorr    .     (helmet restricted)
rElec  .         rRot     .     w - +2 cloak {+Inv}
SustAb . .       Spirit   .     k - +0 pair of gloves
rMut   .         Warding  .     b - +2 pair of boots "Oplor" {rF+ Dex+1}
Saprov . . .     Stasis   .     H - amulet of conservation
MR     +....                    (no ring)
                                g - +1 ring of evasion

@: somewhat resistant to hostile enchantments, extremely unstealthy
A: retaliatory headbutt, horns 2, carnivore 2, high mp 1, screaming 1
a: Burn Spellbooks, Berserk, Trog's Hand, Brothers in Arms, Renounce Religion,
Evoke Invisibility


You were on level 1 of the Spider Nest.
You worshipped Trog.
Trog was exalted by your worship.
You were hungry.

You visited 4 branches of the dungeon, and saw 28 of its levels.
You also visited: Labyrinth and Bailey.

You collected 3027 gold pieces.
You spent 262 gold pieces at shops.

Inventory:

Hand weapons
 l - a +3,+8 great mace of holy wrath (weapon)
Armour
 b - the +2 pair of boots "Oplor" (worn) {rF+ Dex+1}
   (You found it on level 8 of the Lair of Beasts)

   It affects your dexterity (+1).
   It protects you from fire.
 k - a +0 pair of gloves (worn)
 w - a +2 cloak of darkness (worn)
 y - a +2 plate armour of poison resistance (worn)
Magical devices
 a - a wand of fire (6)
 r - a wand of draining (9)
 t - a wand of lightning (6)
 L - a wand of magic darts (4)
 N - a wand of polymorph (12)
Comestibles
 c - 12 bread rations
 m - an orange
 n - 5 apples
 o - 9 meat rations
 u - 6 beef jerkies
 v - 2 chokos
 A - a cheese
 F - 7 bananas
 O - a pear
Scrolls
 i - 4 scrolls of blinking
 p - 9 scrolls of teleportation
 s - 2 scrolls of magic mapping
 x - 4 scrolls of remove curse
 B - 4 scrolls of identify
 D - 2 scrolls of fog
 I - 3 scrolls of fear
 P - a scroll of vulnerability
Jewellery
 e - an uncursed ring of fire
 g - a +1 ring of evasion (left hand)
 h - an uncursed ring of poison resistance
 j - a cursed amulet of stasis
 G - an uncursed ring of protection from magic {unknown}
 H - an amulet of conservation (around neck)
 Q - an uncursed amulet of resist mutation
Potions
 d - 12 potions of curing
 f - 2 potions of flight
 q - 7 potions of heal wounds
 z - 4 potions of restore abilities
 C - 7 potions of might
 E - 5 potions of haste
 J - 2 potions of agility
 K - 2 potions of resistance
 M - 2 potions of magic


   Skills:
 + Level 15.0 Fighting
 * Level 23.0 Maces & Flails
 + Level 15.2 Armour
 - Level 2.4 Dodging


You had 14 spell levels left.
You didn't know any spells.

Dungeon Overview and Level Annotations

Branches:
Dungeon (15/15)            Temple (0/1) D:6             Orc (4/4) D:9
    Elf (0/3) Orc:3          Lair (8/8) D:9          Shoals (0/5) Lair:3
 Spider (1/5) Lair:5        Slime (0/6) Lair:7       Vaults (0/5) D:14
 Depths (0/5) D:15

Altars:
Ashenzari
Dithmenos
Elyvilon
Fedhas
Kikubaaqudgha
Makhleb
Yredelemnul
The Shining One
Beogh

Shops:
D:10 (   Orc:2 [   Orc:4 :!*:

Annotations:
D:7 Eustachio
Lair:3 exclusion: oklob plant


Innate Abilities, Weirdness & Mutations

You reflexively headbutt those who attack you in melee.
You have a pair of horns on your head.
Your digestive system is highly specialised to digest meat.
You have an increased reservoir of magic (+10% MP).
You occasionally shout uncontrollably.


Message History

The trapdoor spider bites you.
You see here a scimitar.
A trapdoor spider leaps out from its hiding place under the floor!
The orb of destruction hits you!
* * * LOW HITPOINT WARNING * * *
The trapdoor spider bites you.
* * * LOW HITPOINT WARNING * * *
You beat the trapdoor spider like a drum!!!
The trapdoor spider is almost dead.
The trapdoor spider is almost dead.
The trapdoor spider bites you.
* * * LOW HITPOINT WARNING * * *
You sock the trapdoor spider!
You kill the trapdoor spider!
Trog accepts your kill.
The orb spider begins to weave its threads into a brightly glowing ball.
You see here a scimitar.
The orb spider weaves a glowing orb of energy.
The orb of destruction hits you!
You die...

## . ####.# ##.. ..
#.#..##^.... ##.
###........#... ....
#.s§§........... ....
##...@.#..#.... ...#..
###..#....?...#.#.......
.....#..................
......#................#.
#........#.%..#........#.
##.......).........#.....
..#.....#...............
.?........#..#...........
.............^.#........


You could see an orb spider.

Vanquished Creatures
  3 azure jellies (Lair:7)
  Maud (Spider:1)
  8 vault guards (D:14)
  A minotaur (Lab)
  2 fire dragons
  Josephine (D:12)
  2 ice dragons
  Harold (Lair:1)
  4 hydras
  Erica (Lair:5)
  2 death yaks (Lair:8)
  3 orc high priests (Orc:4)
  Urug (D:10)
  A centaur warrior (D:14)
  Nergalle (Lair:5)
  3 orb spiders (Spider:1)
  2 unseen horrors
  3 hill giants
  An ice statue (D:13)
  Pikel (D:8)
  5 orc knights
  Joseph (D:8)
  2 griffons (Lair:3)
  3 wolf spiders
  9 elephants
  A cyclops (D:12)
  2 manticores (Lair:3)
  4 orc sorcerers (Orc:4)
  Maurice (Orc:2)
  3 gargoyles
  The ghost of Starve the Cudgeler, an experienced HOAr of Nemelex Xobeh (D:5)
  An item mimic (Lair:5)
  16 spiny frogs
  5 black mambas
  7 fire drakes
  Psyche (D:8)
  A queen ant (Lair:4)
  2 centaur zombies
  A jumping spider (Spider:1)
  A giant firefly (shapeshifter) (D:15)
  A polar bear (Lair:6)
  A freezing wraith (D:14)
  12 komodo dragons
  5 trolls
  Prince Ribbit (D:6)
  2 boulder beetles
  An iron devil (D:13)
  9 blink frogs
  3 tarantellas (Spider:1)
  A grizzly bear (Lair:7)
  3 wyverns
  11 basilisks
  2 trapdoor spiders
  A deep elf mage (D:13)
  7 redbacks
  33 yaks
  9 sharks
  2 elephant slugs (Lair:2)
  10 hippogriffs
  7 wolves
  4 wraiths
  7 ugly things
  A hill giant zombie (D:14)
  3 hill giant skeletons
  Grum (D:8)
  4 wargs
  2 hungry ghosts
  3 steam dragons
  A centaur simulacrum (D:12)
  Menkaure (D:5)
  5 soldier ants (Lair:4)
  6 mottled dragons
  A necrophage (D:10)
  2 spiders
  13 water moccasins
  31 orc warriors
  6 porcupines
  4 ice beasts
  3 phantoms
  5 centaurs
  A manticore zombie (D:12)
  12 ogres
  6 sky beasts
  4 giant goldfish (D:9)
  16 crocodiles
  A boring beetle (Lair:3)
  A brain worm (D:15)
  8 giant slugs
  Duvessa (D:5)
  26 giant frogs
  A silver statue (D:13)
  A big kobold (D:12)
  5 scorpions
  A yak zombie (D:7)
  An eye of draining (D:11)
  6 killer bees
  7 wights
  2 vampire bats (Lair:4)
  A quasit (D:7)
  5 electric eels (D:9)
  7 crimson imps
  Dowan (D:5)
  3 jellies
  17 hounds
  27 orc priests
  3 centaur skeletons
  Crazy Yiuf (D:5)
  A kobold zombie (D:12)
  A basilisk skeleton (D:12)
  A giant frog skeleton (D:11)
  10 iguanas
  37 orc wizards
  17 worker ants
  23 sheep
  A big kobold skeleton (D:6)
  A mummy (D:12)
  A worker ant zombie (D:10)
  22 adders
  43 green rats
  2 shadow imps
  2 giant mites
  An inept item mimic (D:7)
  8 worms
  2 adder skeletons
  An adder zombie (D:8)
  The ghost of nooodl the Charlatan, a weakling FoAr (D:13)
  3 giant eyeballs
  16 giant geckos
  203 orcs
  30 bats
  8 giant cockroaches
  18 goblins
  23 hobgoblins
  17 quokkas
  5 ball pythons
  A giant gecko skeleton (D:6)
  A giant gecko zombie (D:5)
  4 giant newts
  A gnoll skeleton (D:5)
  A goblin skeleton (D:4)
  7 jackals (Lair:3)
  13 kobolds
  An orc skeleton (D:9)
  22 rats
  A rat zombie (D:6)
1048 creatures vanquished.

Vanquished Creatures (others)
  A crimson imp (D:8)
  A worker ant (D:8)
  Ijyb (D:5)
  An orc (Orc:4)
  2 plants
6 creatures vanquished.

Grand Total: 1054 creatures vanquished

Notes
Turn   | Place    | Note
--------------------------------------------------------------
     0 | D:1      | Infinimo, the Minotaur Berserker, began the quest for the Orb.
     0 | D:1      | Reached XP level 1. HP: 19/19 MP: 1/1
    65 | D:1      | Reached skill level 4 in Maces & Flails
   249 | D:1      | Reached XP level 2. HP: 21/26 MP: 1/1
   742 | D:1      | Acquired Trog's second power
  1086 | D:2      | Reached XP level 3. HP: 31/31 MP: 2/2
  1270 | D:2      | Found a burning altar of Makhleb.
  1272 | D:2      | Reached skill level 5 in Maces & Flails
  1278 | D:2      | Found a shattered altar of Ashenzari.
  1283 | D:2      | Found a basalt altar of Yredelemnul.
  1285 | D:2      | Found an ancient bone altar of Kikubaaqudgha.
  1968 | D:3      | Found a white marble altar of Elyvilon.
  2145 | D:3      | Reached XP level 4. HP: 35/39 MP: 2/2
  2305 | D:4      | Reached skill level 6 in Maces & Flails
  2363 | D:4      | Reached XP level 5. HP: 40/45 MP: 2/2
  2445 | D:4      | Noticed an ogre
  2453 | D:4      | Killed an ogre
  2453 | D:4      | Reached skill level 7 in Maces & Flails
  2537 | D:4      | Reached XP level 6. HP: 46/51 MP: 3/3
  2682 | D:4      | Found a blossoming altar of Fedhas.
  2686 | D:4      | Noticed an ogre
  2693 | D:4      | Killed an ogre
  2693 | D:4      | Reached skill level 5 in Armour
  2711 | D:4      | Reached skill level 8 in Maces & Flails
  3002 | D:4      | Noticed an ogre
  3008 | D:4      | Killed an ogre
  3008 | D:4      | Reached XP level 7. HP: 40/57 MP: 3/3
  3083 | D:5      | Entered Level 5 of the Dungeon
  3086 | D:5      | Noticed Menkaure
  3331 | D:5      | Killed Menkaure
  3331 | D:5      | Reached skill level 9 in Maces & Flails
  3397 | D:5      | Noticed Starve's ghost (experienced HOAr)
  3537 | D:5      | Killed Ijyb
  3605 | D:5      | Got an encrusted leather armour
  3619 | D:5      | Identified the +2 leather armour of Creativity {SInv Stlth-} (You found it on level 5 of the Dungeon)
  3878 | D:5      | Killed Starve's ghost
  3878 | D:5      | Reached skill level 10 in Maces & Flails
  3878 | D:5      | Reached XP level 8. HP: 64/64 MP: 3/3
  3936 | D:5      | Noticed Dowan
  3938 | D:5      | Noticed Duvessa
  3947 | D:5      | Killed Dowan
  3952 | D:5      | Killed Duvessa
  4000 | D:5      | Acquired Trog's third power
  4070 | D:5      | Reached skill level 11 in Maces & Flails
  4369 | D:5      | Noticed Crazy Yiuf
  4377 | D:5      | Killed Crazy Yiuf
  5112 | D:6      | Reached XP level 9. HP: 64/70 MP: 4/4
  5213 | D:6      | Found a staircase to the Ecumenical Temple.
  5251 | D:6      | Found a white marble altar of Elyvilon.
  5336 | D:6      | Reached skill level 12 in Maces & Flails
  5602 | D:6      | Noticed Prince Ribbit
  5610 | D:6      | Killed Prince Ribbit
  5898 | D:7      | Reached skill level 13 in Maces & Flails
  6053 | D:7      | Gained mutation: Your digestive system is specialised to digest meat. [potion of beneficial mutation]
  6241 | D:7      | Noticed Eustachio
  6591 | D:7      | Paralysed by a giant eyeball for 3 turns
  6633 | D:7      | Reached skill level 10 in Armour
  6817 | D:8      | Noticed Joseph
  6819 | D:8      | Noticed Pikel
  7180 | D:8      | Noticed Psyche
  7195 | D:8      | Killed Psyche
  7195 | D:8      | Reached XP level 10. HP: 45/79 MP: 4/4
  7213 | D:8      | Killed Joseph
  7213 | D:8      | Reached skill level 14 in Maces & Flails
  7371 | D:8      | Found a shattered altar of Ashenzari.
  7455 | D:8      | Reached skill level 5 in Fighting
  7575 | D:8      | Received a gift from Trog
  7605 | D:8      | Found a shadowy altar of Dithmenos.
  7625 | D:8      | Noticed Grum
  7633 | D:8      | Killed Grum
  7691 | D:8      | Reached skill level 15 in Maces & Flails
  7841 | D:8      | Killed Pikel
  8010 | D:8      | Paralysed by a giant eyeball for 2 turns
  8742 | D:9      | Found a staircase to the Orcish Mines.
  8747 | D:9      | Found a glowing golden altar of the Shining One.
  8806 | D:9      | Reached XP level 11. HP: 92/92 MP: 4/4
  8860 | D:9      | Found a staircase to the Lair.
  8923 | D:9      | Reached skill level 16 in Maces & Flails
  9219 | D:9      | Received a gift from Trog
  9222 | D:9      | Got an iridescent dire flail {god gift}
  9223 | D:9      | Identified the +7,+6 dire flail "Letso" {crush, rElec SInv} (Trog gifted it to you on level 9 of the Dungeon)
  9580 | D:10     | Entered Level 10 of the Dungeon
  9580 | D:10     | Noticed a hill giant
  9591 | D:10     | Killed a hill giant
  9852 | D:10     | Noticed Urug
  9861 | D:10     | Killed Urug
  9885 | D:10     | Found Vilarph's Antique Weapon Shoppe.
  9885 | D:10     | Noticed a hill giant
  9894 | D:10     | Killed a hill giant
 10268 | D:10     | Found a flagged portal.
 10280 | Bailey   | Entered a bailey
 12470 | D:10     | Reached skill level 17 in Maces & Flails
 13093 | Lair:1   | Entered Level 1 of the Lair of Beasts
 13661 | Lair:1   | Received a gift from Trog
 13924 | Lair:1   | Noticed Harold
 13943 | Lair:1   | Killed Harold
 14010 | Lair:1   | Reached skill level 10 in Fighting
 14633 | Lair:1   | Reached XP level 12. HP: 92/106 MP: 5/5
 14639 | Lair:1   | Reached skill level 18 in Maces & Flails
 15225 | Lair:2   | Received a gift from Trog
 15228 | Lair:2   | Got a steaming longbow {god gift}
 15229 | Lair:2   | Identified the +4,+9 longbow "Dautix Bounn" {flame, +Fly rC+} (Trog gifted it to you on level 2 of the Lair of Beasts)
 15786 | Lair:3   | Found a labyrinth entrance.
 15792 | Lab      | Entered a labyrinth
 16031 | Lab      | Noticed a minotaur
 16037 | Lab      | Killed a minotaur
 16143 | Lair:3   | Found a staircase to the Shoals.
 17204 | Lair:4   | Received a gift from Trog
 17294 | Lair:4   | Reached skill level 19 in Maces & Flails
 17915 | Lair:5   | Received a gift from Trog
 18135 | Lair:5   | Noticed Nergalle
 18136 | Lair:5   | Noticed Erica
 18140 | Lair:5   | Killed Nergalle
 18144 | Lair:5   | Killed Erica
 18282 | Lair:5   | Reached XP level 13. HP: 98/117 MP: 5/5
 18555 | Lair:5   | Found a hole to the Spider Nest.
 19140 | Lair:6   | Found a frozen archway.
 20442 | Lair:7   | Reached skill level 20 in Maces & Flails
 20548 | Lair:7   | Received a gift from Trog
 20705 | Lair:7   | Found a staircase to the Slime Pits.
 20705 | Lair:7   | Noticed an azure jelly
 20705 | Lair:7   | Noticed an azure jelly
 20705 | Lair:7   | Noticed an azure jelly
 21163 | Lair:7   | Killed an azure jelly
 21167 | Lair:7   | Killed an azure jelly
 21171 | Lair:7   | Killed an azure jelly
 21415 | Lair:8   | Entered Level 8 of the Lair of Beasts
 21677 | Lair:8   | Reached XP level 14. HP: 114/129 MP: 5/5
 21766 | Lair:8   | Received a gift from Trog
 21790 | Lair:8   | Reached skill level 21 in Maces & Flails
 22494 | Lair:8   | Gained mutation: Your digestive system is highly specialised to digest meat. [potion of beneficial mutation]
 22987 | Lair:8   | Got a pair of slimy boots
 22990 | Lair:8   | Identified the +2 pair of boots "Oplor" {rF+ Dex+1} (You found it on level 8 of the Lair of Beasts)
 23363 | Lair:8   | Received a gift from Trog
 23784 | D:11     | Found a staircase to the Lair.
 25144 | D:12     | Noticed Josephine
 25152 | D:12     | Killed Josephine
 25762 | D:13     | Received a gift from Trog
 25776 | D:13     | Paralysed by a giant eyeball for 2 turns
 25794 | D:13     | Got a polished dire flail {god gift}
 25796 | D:13     | Identified the +6,+9 dire flail "Ynanwoc" {holy, +Rage rC+} (Trog gifted it to you on level 13 of the Dungeon)
 25983 | D:13     | Noticed nooodl's ghost (weakling FoAr)
 25991 | D:13     | Killed nooodl's ghost
 26420 | D:13     | Gained mutation: You occasionally shout uncontrollably. [a neqoxec]
 26424 | D:13     | Gained mutation: You have an increased reservoir of magic (+10% MP). [a neqoxec]
 26919 | D:14     | Reached skill level 22 in Maces & Flails
 27008 | D:14     | Found a gate to the Vaults.
 27061 | D:14     | Reached XP level 15. HP: 78/139 MP: 6/6
 27286 | D:15     | Entered Level 15 of the Dungeon
 27755 | D:15     | Received a gift from Trog
 28022 | D:15     | Found a staircase to the Depths.
 28317 | Orc:1    | Entered Level 1 of the Orcish Mines
 28611 | Orc:2    | Noticed Maurice
 28626 | Orc:2    | Killed Maurice
 28735 | Orc:2    | Found Balamek's Armour Boutique.
 28883 | Orc:2    | Received a gift from Trog
 29338 | Orc:1    | Received a gift from Trog
 29852 | Orc:3    | Received a gift from Trog
 30112 | Orc:3    | Found a staircase to the Elven Halls.
 30240 | Orc:4    | Entered Level 4 of the Orcish Mines
 30305 | Orc:4    | Found a roughly hewn altar of Beogh.
 30328 | Orc:4    | Received a gift from Trog
 30739 | Orc:4    | Reached skill level 15 in Armour
 30811 | Orc:4    | Received a gift from Trog
 30819 | Orc:4    | Paralysed by a potion of paralysis for 5 turns
 30868 | Orc:4    | Found Ywkupsev's Book Shoppe.
 30872 | Orc:4    | Found Shrol's General Store.
 30882 | Orc:4    | Found Plej's Distillery.
 30884 | Orc:4    | Bought 2 potions of heal wounds for 90 gold pieces
 30884 | Orc:4    | Bought a scroll of blinking for 112 gold pieces
 30886 | Orc:4    | Found Phyegy's Book Shoppe.
 31314 | Orc:4    | Bought a potion of heal wounds for 30 gold pieces
 31314 | Orc:4    | Bought a potion of heal wounds for 30 gold pieces
 31640 | Spider:1 | Entered Level 1 of the Spider Nest
 31641 | Spider:1 | Noticed Maud
 31647 | Spider:1 | Killed Maud
 31824 | Spider:1 | Reached skill level 15 in Fighting
 32043 | Spider:1 | Reached skill level 23 in Maces & Flails
 32091 | Spider:1 | Blown up by an orb spider

Action                   |  1- 3 |  4- 6 |  7- 9 | 10-12 | 13-15 || total
-------------------------+-------+-------+-------+-------+-------++-------
Melee: Mace              |    86 |    18 |       |       |       ||   104
       Flail             |       |    62 |   153 |       |       ||   215
       Dire flail        |       |       |   243 |    29 |       ||   272
       Great mace        |       |       |       |   681 |  1289 ||  1970
Invok: Berserk           |       |     2 |     5 |    11 |    14 ||    32
Evoke: Wand              |       |       |     2 |     3 |     4 ||     9
  Use: Scroll            |     5 |       |    13 |    12 |    11 ||    41
       Potion            |       |       |     1 |       |     5 ||     6
